 Dungeon Crawl Stone Soup version 0.21.1 (webtiles) character file.

108395 dongersgirl the Tortoise (level 16, 0/151 HPs)
             Began as a Minotaur Fighter on Feb 1, 2018.
             Was a High Priest of Trog.
             Slain by Mara (illusionary)
             ... wielding a +2 demon blade of draining
              (14 damage)
             ... on level 4 of the Swamp.
             The game lasted 03:49:21 (32141 turns).

dongersgirl the Tortoise (Minotaur Fighter)        Turns: 32141, Time: 03:49:22

Health: 0/151      AC: 20    Str: 30    XL:     16   Next: 2%
Magic:  0/5        EV: 16    Int:  5    God:    Trog [*****.]
Gold:   1352       SH: 17    Dex: 11    Spells: 15/15 levels left

rFire    . . .     SeeInvis .   p - +4 double sword (antimagic)
rCold    . . .     Gourm    .   c - +4 shield
rNeg     . . .     Faith    .   B - +0 swamp dragon scales
rPois    +         Spirit   .   K - +2 hat
rElec    .         Reflect  .   t - +0 cloak {MR+}
rCorr    .         Harm     .   G - +0 pair of gloves
MR       ++++.                  x - +2 pair of boots
Stlth    +.........             (no amulet)
HPRegen  1.35/turn              S - +3 ring of strength
MPRegen  0.09/turn              o - +2 ring of evasion

@: berserk cooldown, regenerating, slowed, heavily drained, very slow
A: retaliatory headbutt, horns 2
a: Berserk, Trog's Hand, Brothers in Arms, Burn Spellbooks, Renounce Religion


You were on level 4 of the Swamp.
You worshipped Trog.
Trog was extremely pleased with you.
You were not hungry.

You visited 3 branches of the dungeon, and saw 19 of its levels.

You collected 1352 gold pieces.

Inventory:

Hand Weapons
 g - a +4 rapier of venom
 h - a +1 dagger of electrocution
 j - a +0 rapier of freezing
 l - a +5 antimagic broad axe
 m - a +3 antimagic hand axe
 p - a +4 antimagic double sword (weapon)
 H - a +3 falchion of flaming
 I - a +2 short sword of speed
 J - a +0 war axe of flaming
Missiles
 R - 4 javelins of penetration (quivered)
Armour
 c - a +4 shield (worn)
 r - a +4 plate armour
 s - a scarf of repulsion
 t - a +0 cloak of magic resistance (worn)
 x - a +2 pair of boots (worn)
 B - +0 swamp dragon scales (worn)
 G - a +0 pair of gloves (worn)
 K - a +2 hat (worn)
Jewellery
 o - a +2 ring of evasion (right hand)
 S - a +3 ring of strength (left hand)
Wands
 e - a wand of iceblast (32)
 n - a wand of polymorph (14)
 y - a wand of digging (18)
 L - a wand of flame (84)
 U - a wand of random effects (38)
 Y - a wand of enslavement (12)
Scrolls
 a - 2 scrolls of magic mapping
 k - 9 scrolls of remove curse
 q - 3 scrolls of teleportation
 D - 3 scrolls of fog
Potions
 d - a potion of invisibility
 i - a potion of degeneration {unknown}
 v - 2 potions of flight
 w - 4 potions of mutation {unknown}
 z - 6 potions of brilliance {unknown}
 A - 6 potions of heal wounds {unknown}
 C - 2 potions of ambrosia {unknown}
 E - a potion of agility
 N - 2 potions of curing
 P - a potion of resistance
 Q - 4 potions of lignification {unknown}
 X - a potion of might
Books
 F - a book of Power

   Spells                             Type                      Level
   a - Iskenderun's Battlesphere      Conjuration/Charms           5
   b - Venom Bolt                     Conjuration/Poison           5
   c - Bolt of Magma                  Conjuration/Fire/Earth       5
   d - Iron Shot                      Conjuration/Earth            6
   e - Orb of Destruction             Conjuration                  7
   f - Spellforged Servitor           Conjuration/Summoning        7
   Trog disapproves of the use of such an item.
 M - a book of Maledictions

   Spells                             Type                      Level
   a - Corona                         Hexes                        1
   b - Ensorcelled Hibernation        Hexes/Ice                    2
   c - Confuse                        Hexes                        3
   d - Tukima's Dance                 Hexes                        3
   e - Dazzling Spray                 Conjuration/Hexes            3
   Trog disapproves of the use of such an item.
 O - a book of Callings

   Spells                             Type                      Level
   a - Summon Small Mammal            Summoning                    1
   b - Call Imp                       Summoning                    2
   c - Call Canine Familiar           Summoning                    3
   d - Summon Guardian Golem          Hexes/Summoning              3
   e - Summon Lightning Spire         Summoning/Air                4
   f - Summon Ice Beast               Ice/Summoning                4
   Trog disapproves of the use of such an item.
 T - a book of Callings

   Spells                             Type                      Level
   a - Summon Small Mammal            Summoning                    1
   b - Call Imp                       Summoning                    2
   c - Call Canine Familiar           Summoning                    3
   d - Summon Guardian Golem          Hexes/Summoning              3
   e - Summon Lightning Spire         Summoning/Air                4
   f - Summon Ice Beast               Ice/Summoning                4
   Trog disapproves of the use of such an item.
Miscellaneous
 b - a sack of spiders
 W - a lamp of fire
Comestibles
 f - 8 rations


   Skills:
 + Level 16.3(13.4) Fighting
 - Level 14.0(11.3) Long Blades
 - Level 10.9(8.4) Axes
 + Level 16.3(13.4) Armour
 * Level 10.2(7.8) Dodging
 - Level 15.0(12.2) Shields


You had 15 spell levels left.
You didn't know any spells.

Dungeon Overview and Level Annotations

Branches:
Dungeon (9/15)             Temple (0/1) D:6            Lair (6/6) D:9
  Swamp (4/4) Lair:4       Spider (0/4) Lair:3        Slime (0/5) Lair:6
    Orc: D:9-12

Altars:
Ashenzari
Dithmenos
Elyvilon
Fedhas
Hepliaklqana
Kikubaaqudgha
Nemelex Xobeh
Ru
Sif Muna
Trog
Vehumet
Yredelemnul
Jiyva

Annotations:
Swamp:4 Mara


Innate Abilities, Weirdness & Mutations

You reflexively headbutt those who attack you in melee.
You have a pair of horns on your head.


Message History

You resist with almost no effort.
Your shield prevents you from hitting Mara.
Mara falters for a moment.
Mara gestures at you. You resist with almost no effort.
You block dongersgirl's illusion's attack.
Mara hits you with a demon blade of draining!!
* * * LOW HITPOINT WARNING * * *
You feel drained.
* * * LOW HITPOINT WARNING * * *
Mara blinks!
As you read the scroll of fear, it crumbles to dust.
You assume a fearsome visage.
Mara is unaffected.
Dongersgirl's illusion resists with some effort.
Mara is unaffected.
You block dongersgirl's illusion's attack.
Dongersgirl's illusion hits you.
* * * LOW HITPOINT WARNING * * *
Mara hits you with a demon blade of draining!
You die...

..#...####..)##* ♣≈≈≈≈.♣≈..≈♣♣.≈
....≈...#.....# ♣.≈≈≈..≈≈..≈..≈
8.....(.#.....#♣♣♣♣♣♣.≈≈≈...≈≈.≈≈
≈.P#.P..#.....#♣..♣ ♣.≈≈≈≈≈≈≈≈≈≈≈
(.≈...(.'..(.##♣≈.♣♣♣♣≈≈≈≈≈....≈≈
≈...#...#'####≈♣...♣ ♣♣≈≈≈<...§..
8.≈#..8......#≈♣≈.≈♣♣♣♣♣♣≈≈♣♣♣≈≈♣
§.§#...(.(.(.#≈≈≈.≈≈...♣♣♣♣♣♣≈<.≈
≈.,#.≈.P...≈.†.R@.≈≈≈≈.♣♣ ♣.≈≈≈
,,⌠#⌠.≈.#....#.@.≈≈≈≈...♣♣♣♣♣.≈≈≈
*,*########.§..♣≈R...≈.≈≈≈.♣♣.≈≈≈
,≈⌠*⌠,≈≈.......♣♣♣..≈≈≈≈≈≈.≈.≈§≈≈
,≈,,,,,[.......♣ ♣≈♣♣♣≈§≈......≈.
,,,*,≈.(.(.(.#≈♣♣♣≈♣♣♣♣♣≈..≈.♣...
8≈≈*,.(......#≈♣♣≈.≈♣ ♣♣♣♣♣≈....
≈,,,*.≈.#'####≈♣♣.≈.♣ ♣♣♣≈≈.≈♣
8,,,,.8D'.,,,##♣♣..♣♣ ♣.≈≈≈.≈≈


You could see 2 Maras and dongersgirl's illusion.

Vanquished Creatures
  A thorn hunter (Swamp:3)
  Aizul (Swamp:4)
  A ghoul (Swamp:3)
  The ghost of Thargor the Prestidigitator, a journeyman DDFi of Makhleb (Lair:2)
  Fannar (Lair:3)
  21 hydras
  3 ghost crabs
  A catoblepas (Lair:6)
  3 two-headed ogres (D:8)
  9 alligators
  8 death yaks (Lair:6)
  A shambling mangrove (Swamp:2)
  3 spriggan druids
  10 swamp dragons
  An orb spider (Lair:3)
  20 elephants
  3 black mambas
  Maurice (D:9)
  Psyche (D:8)
  23 spiny frogs
  A rime drake (Lair:4)
  9 komodo dragons
  10 tyrant leeches
  7 polar bears
  17 blink frogs
  14 hornets
  23 bog bodies
  21 slime creatures
  2 dream sheep (D:9)
  3 hippogriffs
  5 shadows
  34 spriggans
  34 yaks
  A wyvern (Lair:3)
  A basilisk (Lair:5)
  13 vampire mosquitoes
  12 swamp worms
  10 insubstantial wisps
  18 water moccasins
  9 porcupines
  2 orc warriors
  An ice beast (D:6)
  11 swamp drakes
  5 necrophages
  5 sky beasts
  6 black bears
  2 phantoms
  20 wolves
  7 boggarts
  3 centaurs
  4 ogres
  12 crocodiles
  4 big kobolds
  13 bullfrogs
  4 scorpions
  6 killer bees
  4 wights (D:7)
  6 electric eels
  5 crimson imps
  A quasit (D:8)
  A centaur skeleton (D:8)
  A jelly (Lair:6)
  6 orc priests
  6 orc wizards
  6 hounds
  A bullfrog skeleton (D:6)
  6 iguanas
  4 worker ants
  3 gnolls (D:3)
  8 adders
  A howler monkey skeleton (D:4)
  2 shadow imps
  An adder zombie (D:9)
  3 worms
  A dart slug (D:3)
  5 leopard geckos
  33 orcs
  3 bats
  5 giant cockroaches
  4 goblins
  5 hobgoblins
  16 jackals
  3 quokkas
  2 ball pythons
  4 frilled lizards
  17 kobolds
  A leopard gecko skeleton (D:4)
  A quokka skeleton (D:4)
  14 rats
  6 fungi
  4 plants
651 creatures vanquished.

Vanquished Creatures (collateral kills)
  2 hydras (Swamp:4)
  An alligator (Swamp:2)
  A swamp dragon (Swamp:4)
  3 slime creatures (Swamp:2)
  A bog body (Swamp:4)
  5 insubstantial wisps (Swamp:2)
  A swamp drake (Swamp:4)
14 creatures vanquished.

Vanquished Creatures (others)
  A komodo dragon (Lair:4)
  A hippogriff (Lair:2)
  3 spriggans (Swamp:2)
  A swamp worm (Swamp:2)
  A bullfrog (Lair:4)
  An ooze (Lair:6)
  A frilled lizard (D:4)
  18 fungi
  9 plants
36 creatures vanquished.

Grand Total: 701 creatures vanquished

Notes
Turn   | Place    | Note
-------+----------+-------------------------------------------
     0 | D:1      | dongersgirl the Minotaur Fighter began the quest for the Orb.
     0 | D:1      | Reached XP level 1. HP: 19/19 MP: 0/0
   310 | D:1      | Reached XP level 2. HP: 20/27 MP: 1/1
  1541 | D:2      | Reached XP level 3. HP: 33/33 MP: 2/2
  1601 | D:2      | HP: 1/33 [poisoned by a goblin]
  3133 | D:3      | Reached XP level 4. HP: 40/40 MP: 3/3
  3330 | D:3      | Found a bloodstained altar of Trog.
  3352 | D:3      | Became a worshipper of Trog the Wrathful
  3856 | D:3      | Found a shadowy altar of Dithmenos.
  4313 | D:4      | Reached XP level 5. HP: 47/47 MP: 4/4
  4447 | D:4      | Reached skill level 5 in Fighting
  4447 | D:4      | Reached skill level 5 in Armour
  4495 | D:4      | Reached skill level 5 in Shields
  4511 | D:4      | Reached * piety under Trog
  4511 | D:4      | Reached XP level 6. HP: 56/56 MP: 5/5
  4923 | D:4      | Found a white marble altar of Elyvilon.
  5007 | D:4      | Found a shattered altar of Ashenzari.
  5007 | D:4      | Found a basalt altar of Yredelemnul.
  5062 | D:4      | Reached skill level 5 in Axes
  5097 | D:4      | Reached XP level 7. HP: 60/62 MP: 6/6
  5299 | D:5      | Entered Level 5 of the Dungeon
  5909 | D:5      | Reached XP level 8. HP: 70/71 MP: 7/7
  6493 | D:6      | Reached ** piety under Trog
  6550 | D:6      | Found a staircase to the Ecumenical Temple.
  7269 | D:6      | Noticed a manticore
  7358 | D:7      | Reached XP level 9. HP: 71/81 MP: 8/8
  7891 | D:7      | Found a radiant altar of Vehumet.
  8062 | D:7      | Found a deep blue altar of Sif Muna.
  8237 | D:8      | Noticed Psyche
  8253 | D:8      | Killed Psyche
  8413 | D:8      | Found a sparkling altar of Nemelex Xobeh.
  8458 | D:8      | Got a pair of ichor-stained boots
  8475 | D:8      | Noticed a two-headed ogre
  8494 | D:8      | Killed a two-headed ogre
  8791 | D:8      | Noticed a two-headed ogre
  8800 | D:8      | Killed a two-headed ogre
  8800 | D:8      | Reached XP level 10. HP: 69/91 MP: 9/9
  8833 | D:8      | Noticed a two-headed ogre
  8850 | D:8      | Killed a two-headed ogre
  9055 | D:8      | Reached *** piety under Trog
  9084 | D:8      | Reached skill level 10 in Armour
  9087 | D:8      | Reached skill level 10 in Fighting
  9209 | D:8      | Reached skill level 10 in Shields
  9366 | D:8      | Found a sacrificial altar of Ru.
  9366 | D:8      | Found a hazy altar of Hepliaklqana.
  9369 | D:8      | Found an ancient bone altar of Kikubaaqudgha.
 10300 | D:9      | Noticed Maurice
 10306 | D:9      | Killed Maurice
 10306 | D:9      | Reached skill level 10 in Axes
 10695 | D:9      | Reached **** piety under Trog
 11145 | D:9      | Reached XP level 11. HP: 90/101 MP: 10/10
 11625 | D:9      | Found a staircase to the Lair.
 11690 | Lair:1   | Entered Level 1 of the Lair of Beasts
 12195 | Lair:1   | Reached skill level 1 in Long Blades
 13213 | Lair:2   | Found a blossoming altar of Fedhas.
 13265 | Lair:2   | Noticed Thargor's ghost (journeyman DDFi)
 13280 | Lair:2   | Killed Thargor's ghost
 13374 | Lair:2   | Reached skill level 5 in Long Blades
 14075 | Lair:2   | Reached XP level 12. HP: 77/112 MP: 11/11
 15088 | Lair:3   | Noticed Fannar
 15441 | Lair:3   | Killed Fannar
 16033 | Lair:3   | Found a hole to the Spider Nest.
 17167 | Lair:4   | Noticed a four-headed hydra
 17175 | Lair:4   | Killed a one-headed hydra
 17369 | Lair:4   | Found a staircase to the Swamp.
 18291 | Lair:5   | Reached skill level 10 in Long Blades
 18294 | Lair:5   | Reached XP level 13. HP: 122/122 MP: 12/12
 20086 | Lair:5   | Reached ***** piety under Trog
 20620 | Lair:6   | Entered Level 6 of the Lair of Beasts
 21090 | Lair:6   | Found a runed door.
 21090 | Lair:6   | Found a viscous altar of Jiyva.
 21091 | Lair:6   | Found a staircase to the Slime Pits.
 21614 | Lair:6   | Reached XP level 14. HP: 78/132 MP: 13/13
 24132 | Lair:5   | You fall through a shaft!
 24606 | Swamp:1  | Entered Level 1 of the Swamp
 25276 | Swamp:1  | Upgraded the game from 0.21.0-37-g46506fa5f3 to 0.21.1
 25462 | Swamp:1  | Reached skill level 1 in Dodging
 25751 | Swamp:1  | Reached ****** piety under Trog
 25751 | Swamp:1  | Received a gift from Trog
 26198 | Swamp:2  | Reached skill level 15 in Fighting
 26198 | Swamp:2  | Reached skill level 15 in Armour
 26216 | Swamp:2  | Reached skill level 15 in Shields
 26541 | Swamp:2  | Reached XP level 15. HP: 141/141 MP: 14/14
 27060 | Swamp:2  | Reached skill level 5 in Dodging
 27429 | Swamp:2  | Received a gift from Trog
 27822 | Swamp:3  | Noticed a thorn hunter
 27836 | Swamp:3  | Killed a thorn hunter
 28241 | Swamp:2  | Received a gift from Trog
 29494 | Swamp:4  | Entered Level 4 of the Swamp
 30158 | Swamp:4  | Noticed Aizul
 30192 | Swamp:4  | Killed Aizul
 30192 | Swamp:4  | Received a gift from Trog
 31621 | Swamp:4  | Reached skill level 10 in Dodging
 31790 | Swamp:4  | Reached XP level 16. HP: 97/151 MP: 15/15
 32098 | Swamp:4  | Noticed Mara
 32115 | Swamp:4  | Noticed dongersgirl's illusion
 32141 | Swamp:4  | Slain by Mara (illusionary)

Skill      XL: |  1  2  3  4  5  6  7  8  9 10 11 12 13 14 15 |
---------------+----------------------------------------------+-----
Armour         | 4 5 6 8 9 10 11 13 14 15 16 | 16.3
Axes           | 3 4 5 6 7 9 10 | 10.9
Fighting       | 4 5 6 7 9 10 11 13 14 15 16 | 16.3
Shields        | 4 5 6 7 9 10 11 12 13 15 | 15.0
Long Blades    | 6 10 12 14 | 14.0
Dodging        | 4 10 | 10.2

Action                   |  1- 3 |  4- 6 |  7- 9 | 10-12 | 13-15 | 16-18 || total
-------------------------+-------+-------+-------+-------+-------+-------++-------
Melee: War axe           |    79 |       |       |   207 |   144 |    19 ||   449
       Headbutt          |    23 |    19 |    60 |   217 |   381 |    10 ||   710
       Dagger            |    39 |   114 |   307 |   356 |       |       ||   816
       Long sword        |       |       |       |    77 |       |       ||    77
       Falchion          |       |       |       |   197 |  1047 |       ||  1244
       Broad axe         |       |       |       |       |   162 |       ||   162
       Hand axe          |       |       |       |       |    41 |       ||    41
       Double sword      |       |       |       |       |    15 |    30 ||    45
Throw: Stone             |       |       |     1 |       |       |       ||     1
Invok: Berserk           |       |       |     1 |    13 |    19 |     1 ||    34
       Trog's Hand       |       |       |       |     6 |    11 |     1 ||    18
       Brothers in Arms  |       |       |       |       |     2 |     1 ||     3
       Burn Spellbooks   |       |       |       |       |     1 |       ||     1
Evoke: Wand              |       |       |     2 |     1 |       |       ||     3
  Use: Scroll            |     9 |     6 |    14 |     3 |    17 |     1 ||    50
       Potion            |     2 |       |     1 |       |     3 |       ||     6
 Stab: Confused          |       |       |       |       |     2 |       ||     2
  Eat: Chunk             |     2 |       |       |    14 |    34 |       ||    50
       Ration            |     2 |     2 |     4 |     8 |    10 |     1 ||    27
Armor: Scale mail        |    40 |       |       |    40 |   198 |       ||   278
       Plate armour      |    11 |    45 |   145 |   248 |       |       ||   449
       Swamp dragon scal |       |       |       |       |   208 |    12 ||   220
Dodge: Dodged            |    18 |     4 |    47 |   155 |   474 |    22 ||   720
       Deflected         |       |       |       |       |     9 |       ||     9
Block: Shield            |    68 |    56 |   244 |   547 |  1016 |    32 ||  1963
       Rpst.: Long sword |       |       |       |     3 |       |       ||     3
       Falchion          |       |       |       |    15 |    61 |       ||    76
       Double sword      |       |       |       |       |       |     1 ||     1
